 Dungeon Crawl Stone Soup version 0.21-a0-426-g98080a9 (webtiles) character file.

265 mastercheaf21 the Covert (level 6, 0/39 HPs)
             Began as an Octopode Assassin on Nov 7, 2017.
             Was a Follower of Dithmenos.
             Slain by a jackal (1 damage)
             ... on level 3 of the Dungeon.
             The game lasted 00:09:06 (2578 turns).

mastercheaf21 the Covert (Octopode Assassin)        Turns: 2578, Time: 00:09:07

Health: 0/39       AC:  1    Str: 11    XL:     6   Next: 20%
Magic:  6/6        EV: 13    Int: 13    God:    Dithmenos [*.....]
Gold:   164        SH:  0    Dex: 15    Spells: 5/5 levels left

rFire    . . .     SeeInvis .   a - +2 dagger
rCold    . . .     Gourm    .   (no shield)
rNeg     . . .     Faith    .   (helmet restricted)
rPois    .         Spirit   .   (no amulet)
rElec    .         Reflect  .   (no ring)
rCorr    .         Harm     .   (no ring)
MR       .....                  (no ring)
Stlth    ++++++....             (no ring)
HPRegen  0.13/turn              (no ring)
MPRegen  0.10/turn              (no ring)
                                (no ring)
                                (no ring)

@: wreathed by umbra
A: almost no armour, stealthy swim, amphibious, 8 rings, constrict 8, camouflage
1, gelatinous body 1
a: Renounce Religion


You were on level 3 of the Dungeon.
You worshipped Dithmenos.
Dithmenos was aware of your devotion.
You were not hungry.

You visited 1 branch of the dungeon, and saw 3 of its levels.

You collected 164 gold pieces.

Inventory:

Hand Weapons
 a - a +2 dagger (weapon)
 b - a +0 blowgun
Missiles
 c - 32 poisoned needles
 d - 2 curare-tipped needles
 j - 5 javelins (quivered)
 u - 6 needles of confusion
Armour
 s - a scarf of cloud immunity
Scrolls
 e - 6 scrolls of identify {unknown}
 g - a scroll of magic mapping {unknown}
 m - a scroll of immolation {unknown}
 p - a scroll of random uselessness {unknown}
Potions
 h - 3 potions of haste {unknown}
 k - 2 potions of heal wounds {unknown}
 l - 2 potions of brilliance {unknown}
 n - 2 potions of lignification {unknown}
 q - a potion of curing {unknown}
 t - a potion of mutation {unknown}
Comestibles
 f - 5 bread rations
 i - 4 royal jellies
 o - 3 fruits
 r - 2 meat rations


   Skills:
 - Level 2.0 Fighting
 + Level 3.5 Short Blades
 - Level 2.0 Throwing
 + Level 1.5 Dodging
 + Level 9.0 Stealth


You had 5 spell levels left.
You didn't know any spells.

Dungeon Overview and Level Annotations

Branches:
Dungeon (3/15)

Altars:
Dithmenos


Innate Abilities, Weirdness & Mutations

You cannot wear most types of armour.
You are very stealthy in the water. (Stealth+)
You are amphibious.
You can wear up to eight rings at the same time.
You can use your tentacles to constrict eight enemies at once.
Your skin changes colour to match your surroundings (Stealth+).
Your rubbery body absorbs attacks. (AC +1, EV +1)


Message History

The orc misses you.
You see here a scroll labeled LOALOI FUOMIQ.
The orc hits you from afar with a trident!
The orc closely misses you. The orc closely misses you.
The orc priest looks encouraged for a moment.
The jackal bites you.
The orc priest casts a cantrip, but nothing happens.
The jackal barely misses you. The jackal closely misses you.
The jackal bites you. The jackal misses you. The jackal barely misses you.
The jackal bites you.
You see here a mace.
The orc priest mumbles some strange prayers to Beogh against you.
Beogh smites you!
* * * LOW HITPOINT WARNING * * *
Okay, then.
The jackal closely misses you. The jackal bites you.
You die...

......## ##.## #.###)#.#.##
.......####...########.##....#.#.
.......'.......................'.
.......####...########.##...##.#.
......######.##### #.###.###.##
.....## #........# #.###.###.##
#...## #.##.###.# #.........#
##+# #.##.###.# #####.##### #.#
#.##..##@# #.# #.# #.###.##h# #.#
##.## #.# #.##h# #.# ....###
#.###.##.# #.# ......###.o.o).oo#
#.# # ...........o..#### #.# #
.#.##.######### #.###### .####.#
#....... .. ..# ########


You could see an orc priest, an orc and 2 jackals.

Vanquished Creatures
  The ghost of mastercheaf21 the Sneak, an amateur OpAs (D:3)
  Jessica (D:2)
  5 adders
  A shadow imp (D:3)
  An ooze (D:2)
  A worm (D:2)
  2 dart slugs (D:2)
  2 leopard geckos (D:2)
  2 orcs (D:3)
  4 giant cockroaches
  7 goblins
  6 hobgoblins
  2 jackals (D:2)
  3 quokkas
  7 bats
  5 kobolds
  9 rats
59 creatures vanquished.

Notes
Turn   | Place    | Note
-------+----------+-------------------------------------------
     0 | D:1      | mastercheaf21 the Octopode Assassin began the quest for the Orb.
     0 | D:1      | Reached XP level 1. HP: 14/14 MP: 1/1
   209 | D:1      | Reached XP level 2. HP: 15/19 MP: 2/2
   314 | D:1      | Reached skill level 6 in Stealth
   679 | D:2      | Noticed Jessica
   686 | D:2      | Killed Jessica
   686 | D:2      | Reached XP level 3. HP: 16/24 MP: 3/3
   836 | D:2      | Reached skill level 7 in Stealth
   877 | D:2      | Found a shadowy altar of Dithmenos.
   893 | D:2      | Became a worshipper of Dithmenos the Shadowed
   958 | D:2      | Reached XP level 4. HP: 29/29 MP: 4/4
  1648 | D:2      | You fall through a shaft!
  1648 | D:3      | Noticed mastercheaf21's ghost (amateur OpAs)
  1706 | D:3      | HP: 1/29 [mastercheaf21's ghost (7)]
  1707 | D:3      | Killed mastercheaf21's ghost
  1707 | D:3      | Reached skill level 8 in Stealth
  1707 | D:3      | Reached XP level 5. HP: 2/34 MP: 5/5
  1836 | D:3      | Reached XP level 6. HP: 11/39 MP: 6/6
  2204 | D:3      | Reached * piety under Dithmenos
  2367 | D:3      | Reached skill level 9 in Stealth
  2573 | D:3      | HP: 1/39 [orc priest/divine providence (15)]
  2578 | D:3      | Slain by a jackal

Vault maps used:
D:1:      nzn_arrival_depleted_hourglass
D:2:      overflow_temple_1_default, uniq_jessica
D:3:      cheibrodos_ashenzari_chains

Skill      XL: |  1  2  3  4  5  6 |
---------------+-------------------+-----
Stealth        | 6 7 8 9 |  9.0
Short Blades   | 3 |  3.5
Fighting       | |  2.0
Throwing       | |  2.0
Dodging        | |  1.5

Action                   |  1- 3 |  4- 6 || total
-------------------------+-------+-------++-------
Melee: Dagger            |    41 |    89 ||   130
       Constrict         |     8 |    16 ||    24
       Tentacles         |     6 |    14 ||    20
 Stab: Sleeping          |     9 |    12 ||    21
  Eat: Chunk             |       |     5 ||     5
Armor: Skin              |     2 |    10 ||    12
Dodge: Dodged            |    11 |    69 ||    80

Table legend:
 A = Spawn XP
 B = Non-spawn XP
 C = Spawn XP percentage of total XP
 D = Spawn monster count
 E = Non-spawn monster count
 F = Spawn count percentage of total count
 G = Total turns spent on level
                    A         B        C        D         E        F      G
               +---------+---------+-------+---------+---------+-------+---------
         Total |       0 |     379 |   0.0 |       0 |      59 |   0.0 |  2578
               +---------+---------+-------+---------+---------+-------+---------
           D:1 |       0 |      23 |   0.0 |       0 |      14 |   0.0 |   575
           D:2 |       0 |     118 |   0.0 |       0 |      27 |   0.0 |  1073
           D:3 |       0 |     238 |   0.0 |       0 |      18 |   0.0 |   930
               +---------+---------+-------+---------+---------+-------+---------
